 Dungeon Crawl Stone Soup version 0.23-a0-419-g0174fd8 (webtiles) character file.

7112 tatocazan the Cleaver (level 10, -8/127 HPs)
             Began as a Demonspawn Berserker on Nov 14, 2018.
             Was an Elder of Trog.
             Mangled by Snorg (14 damage)
             ... on level 10 of the Dungeon.
             The game lasted 00:16:59 (10411 turns).

tatocazan the Cleaver (Demonspawn Berserker)       Turns: 10411, Time: 00:16:59

Health: -8/127     AC:  9    Str: 23    XL:     10   Next: 85%
Magic:  10/10      EV: 17    Int:  9    God:    Trog [****..]
Gold:   543        SH:  0    Dex: 15    Spells: 9/9 levels left

rFire    + . .     SeeInvis .   w - +0 broad axe
rCold    + . .     Gourm    +   (no shield)
rNeg     . . .     Faith    .   j - +1 ring mail
rPois    .         Spirit   .   r - +0 helmet
rElec    .         Reflect  .   A - scarf {rC+ rF+}
rCorr    .         Harm     .   (no gloves)
MR       .....                  (no boots)
Stlth    ..........             n - amulet of the gourmand
HPRegen  0.31/turn              h - +3 ring of evasion
MPRegen  0.12/turn              F - +2 ring of evasion

@: berserking, very quick
A: talons 1, iridescent scales 1, nightstalker 1, powered by death 1
a: Berserk, Trog's Hand, Brothers in Arms, Renounce Religion


You were on level 10 of the Dungeon.
You worshipped Trog.
Trog was greatly pleased with you.
You were very full.

You visited 2 branches of the dungeon, and saw 11 of its levels.

You collected 543 gold pieces.

Inventory:

Hand Weapons
 a - a +0 hand axe
 u - a +0 battleaxe
 w - a +0 broad axe (weapon)
 B - a +0 whip of flaming
Armour
 b - a +0 animal skin
 j - a +1 ring mail (worn)
 r - a +0 helmet (worn)
 A - a scarf of resistance (worn)
Jewellery
 g - an uncursed ring of flight
 h - a +3 ring of evasion (left hand)
 n - an amulet of the gourmand (around neck)
 D - an uncursed ring of stealth
 F - a +2 ring of evasion (right hand)
Wands
 f - a wand of flame (4)
 H - a wand of iceblast (3)
Scrolls
 e - a scroll of immolation {unknown}
 i - 2 scrolls of enchant armour
 k - a scroll of fog
 o - 2 scrolls of fear
 t - 2 scrolls of teleportation
 v - a scroll of torment {unknown}
 y - 3 scrolls of enchant weapon {unknown}
 C - 5 scrolls of remove curse
 E - 2 scrolls of identify
 G - a scroll of blinking {unknown}
 I - a scroll of amnesia {unknown}
 L - a scroll of magic mapping {unknown}
Potions
 d - 2 potions of cancellation {unknown}
 l - a potion of lignification {unknown}
 m - a potion of haste {unknown}
 p - a potion of brilliance {unknown}
 q - 2 potions of agility
 s - 3 potions of resistance
 x - 2 potions of heal wounds {unknown}
 z - 3 potions of ambrosia
 K - a potion of mutation {unknown}
Miscellaneous
 J - a lightning rod (4/4)
Comestibles
 c - 16 rations
 M - 7 chunks of flesh


   Skills:
 * Level 10.1 Fighting
 + Level 12.1 Axes
 * Level 3.2 Armour
 + Level 2.6 Dodging


You had 9 spell levels left.
You didn't know any spells.
Your spell library was empty.

Dungeon Overview and Level Annotations

Branches:
Dungeon (10/15)            Temple (0/1) D:4            Lair (1/6) D:9
    Orc: D:9-12

Altars:
Ashenzari
Dithmenos
Elyvilon
Okawaru
Qazlal
Ru
Sif Muna

Annotations:
D:10 Snorg


Innate Abilities, Weirdness & Mutations

You have sharp toenails.
You are partially covered in iridescent scales. (AC +2)
You are slightly more attuned to the shadows.
You regenerate a little health from kills.


Message History

You slash Snorg!
Snorg is heavily wounded.
Snorg closely misses you. Snorg claws you but does no damage.
Snorg completely misses you.
You closely miss Snorg.
Snorg is heavily wounded.
Snorg bites you. Snorg closely misses you. Snorg claws you!
* * * LOW HITPOINT WARNING * * *
You take 21 damage, and have 31/127 hp.
You hit Snorg. Your kick misses Snorg.
Snorg is heavily wounded.
Snorg bites you!
* * * LOW HITPOINT WARNING * * *
Snorg closely misses you. Snorg claws you!
* * * LOW HITPOINT WARNING * * *
You take 25 damage, and have 6/127 hp.
You slash Snorg!
Snorg is severely wounded.
Snorg bites you!
You die...

.. #.# #.# # #.# .#
#.# ..
######.###.#.#
#............#
######.####.@T.....
.......# ####....#
######.# .##. ##.##
# ###.#####...#
..#.##......#
#.#.##.##...#
#.#.##.###รท##
#.#........#


You could see Snorg (berserk).

Vanquished Creatures
  A two-headed ogre (D:8)
  A komodo dragon (D:9)
  2 hornets (D:8)
  5 hippogriffs
  A water moccasin (D:6)
  Duvessa (D:6)
  A black bear (D:7)
  2 orc warriors
  A phantom (D:5)
  3 sky beasts
  3 ice beasts
  2 eyes of draining
  8 ogres
  A crocodile (D:9)
  4 centaurs
  2 big kobolds
  6 bullfrogs
  Blork the orc (D:6)
  Dowan (D:6)
  3 scorpions
  3 killer bees (D:8)
  5 wights (D:7)
  2 howler monkeys (D:4)
  5 crimson imps
  2 centaur zombies
  3 hounds
  A jelly (D:7)
  7 orc priests
  A bullfrog skeleton (D:9)
  9 orc wizards
  6 iguanas
  6 worker ants
  A howler monkey zombie (D:8)
  A gnoll (D:4)
  9 adders
  An ooze (D:1)
  2 adder skeletons
  An adder zombie (D:9)
  4 worms
  A dart slug (D:3)
  6 leopard geckos
  23 orcs
  4 bats
  4 giant cockroaches
  4 goblins
  5 hobgoblins
  14 jackals
  12 kobolds
  8 quokkas
  A ball python (D:4)
  4 frilled lizards
  A jackal zombie (D:9)
  A leopard gecko skeleton (D:4)
  2 rats
208 creatures vanquished.

Vanquished Creatures (others)
  4 plants (D:9)
4 creatures vanquished.

Grand Total: 212 creatures vanquished

Notes
Turn   | Place    | Note
-------+----------+-------------------------------------------
     0 | D:1      | tatocazan the Demonspawn Berserker began the quest for the
                  | Orb.
     0 | D:1      | Reached XP level 1. HP: 18/18 MP: 1/1
   469 | D:1      | Reached skill level 3 in Axes
   469 | D:1      | Gained mutation: You are partially covered in iridescent
                  | scales. (AC +2) [demonic ancestry]
   469 | D:1      | Reached XP level 2. HP: 10/24 MP: 2/2
  1788 | D:3      | Found a stormy altar of Qazlal.
  1869 | D:3      | Gained mutation: You regenerate a little health from kills.
                  | [demonic ancestry]
  1869 | D:3      | Reached XP level 3. HP: 29/29 MP: 3/3
  2557 | D:4      | Reached ** piety under Trog
  2557 | D:4      | Reached skill level 4 in Axes
  2557 | D:4      | Reached XP level 4. HP: 37/37 MP: 4/4
  2589 | D:4      | Reached XP level 5. HP: 30/42 MP: 5/5
  2610 | D:4      | HP: 1/42 [adder (3)]
  2923 | D:4      | Reached skill level 5 in Axes
  2938 | D:4      | Gained mutation: You are slightly more attuned to the
                  | shadows. [demonic ancestry]
  2938 | D:4      | Reached XP level 6. HP: 44/49 MP: 6/6
  3456 | D:4      | Found a staircase to the Ecumenical Temple.
  3933 | D:5      | Entered Level 5 of the Dungeon
  3948 | D:5      | Reached skill level 5 in Fighting
  3954 | D:5      | Reached skill level 6 in Axes
  3984 | D:5      | Gained mutation: You have sharp toenails. [demonic
                  | ancestry]
  3984 | D:5      | Reached XP level 7. HP: 52/56 MP: 7/7
  4002 | D:5      | Found a sacrificial altar of Ru.
  4611 | D:5      | Reached skill level 7 in Axes
  5123 | D:5      | Reached XP level 8. HP: 45/64 MP: 8/8
  5409 | D:6      | Noticed a hippogriff
  5419 | D:6      | Killed a hippogriff
  5419 | D:6      | Reached skill level 8 in Axes
  5563 | D:6      | Noticed Dowan
  5563 | D:6      | Noticed Duvessa
  5566 | D:6      | Noticed Blork the orc
  5573 | D:6      | Killed Dowan
  5583 | D:6      | Killed Duvessa
  5583 | D:6      | Reached skill level 9 in Axes
  5585 | D:6      | Killed Blork the orc
  6245 | D:6      | Reached *** piety under Trog
  6245 | D:6      | Reached XP level 9. HP: 62/72 MP: 9/9
  6355 | D:6      | Found an iron altar of Okawaru.
  6666 | D:6      | Found a deep blue altar of Sif Muna.
  6727 | D:6      | Identified Sif Muna's Guide on Earth
  6846 | D:6      | Reached skill level 10 in Axes
  7424 | D:7      | Found a white marble altar of Elyvilon.
  7815 | D:8      | Paralysed by a hornet for 1 turns
  7825 | D:8      | Paralysed by a hornet for 1 turns
  7830 | D:8      | Reached skill level 11 in Axes
  7830 | D:8      | Reached XP level 10. HP: 27/82 MP: 10/10
  7852 | D:8      | HP: 4/82 [poisoned by a hornet]
  8423 | D:8      | Found a shattered altar of Ashenzari.
  8526 | D:8      | Reached **** piety under Trog
  8919 | D:8      | Noticed a two-headed ogre
  8935 | D:8      | Killed a two-headed ogre
  9436 | D:9      | Reached skill level 12 in Axes
  9683 | D:9      | Found a shadowy altar of Dithmenos.
  9851 | D:9      | Found a staircase to the Lair.
 10146 | D:9      | Reached skill level 10 in Fighting
 10157 | Lair:1   | Entered Level 1 of the Lair of Beasts
 10189 | D:10     | Entered Level 10 of the Dungeon
 10398 | D:10     | Noticed Snorg
 10410 | D:10     | HP: 6/127 [Snorg (12)]
 10411 | D:10     | Mangled by Snorg

Vault maps used:
D:1:      roderic_chinese_lattice_arrival
D:2:      bloody_makhleb, first_ration, kennysheep_generic_room_2, uniq_natasha
D:3:      old_standard_altar
D:4:      minmay_temple_entry_statues
D:5:      nicolae_ru_great_annihilating_truth
D:6:      wad_pebble_path, nicolae_overflow_crystal_walls, led_sif_book,
          uniq_blork_the_orc, uniq_duvessa
D:7:      kennysheep_mini_moat
D:8:      nicolae_ashenzari_panopticon
D:9:      old_standard_altar, david_lair_shrubbed
D:10:     uniq_sonja, uniq_snorg
Lair:1:   beast_lair_carwin_8

Skill      XL: |  1  2  3  4  5  6  7  8  9 10 |
---------------+-------------------------------+-----
Axes           | 3 4 5 6 7 9 11 12 | 12.1
Fighting       | 4 5 6 7 8 10 | 10.1
Armour         | 3 |  3.2
Dodging        | 2 |  2.6

Action                   |  1- 3 |  4- 6 |  7- 9 | 10-12 || total
-------------------------+-------+-------+-------+-------++-------
Melee: Hand axe          |   108 |   174 |   192 |       ||   474
       Kick              |       |       |   122 |    50 ||   172
       Battleaxe         |       |       |    13 |       ||    13
       Broad axe         |       |       |   136 |   195 ||   331
Invok: Berserk           |     1 |     2 |     7 |     2 ||    12
       Trog's Hand       |       |     4 |     2 |       ||     6
 Abil: Evoke Flight      |       |       |     1 |       ||     1
  Use: Scroll            |     5 |     2 |       |     3 ||    10
       Potion            |       |     5 |       |       ||     5
 Stab: Sleeping          |     2 |     1 |     5 |     1 ||     9
       Paralysed         |       |       |     2 |       ||     2
  Eat: Chunk             |     6 |     4 |    36 |    11 ||    57
       Ration            |       |     1 |       |       ||     1
Armor: Animal skin       |    12 |       |       |       ||    12
       Ring mail         |    15 |    91 |   101 |    53 ||   260
Dodge: Dodged            |    82 |   212 |   235 |   149 ||   678

Table legend:
 A = Non-vault XP
 B = Vault XP
 C = Vault XP percentage of total XP
 D = Non-vault monster count
 E = Vault monster count
 F = Vault count percentage of total count
                 A         B        C        D         E       F
            +---------+---------+-------+---------+---------+-------
      Total |    9358 |     802 |   7.9 |     198 |      10 |   4.8
            +---------+---------+-------+---------+---------+-------
        D:1 |      25 |       0 |   0.0 |      11 |       0 |   0.0
        D:2 |       5 |       0 |   0.0 |       3 |       0 |   0.0
        D:3 |      39 |       0 |   0.0 |      14 |       0 |   0.0
        D:4 |     521 |       0 |   0.0 |      30 |       0 |   0.0
        D:5 |     808 |      49 |   5.7 |      16 |       4 |  20.0
        D:6 |    1709 |     370 |  17.8 |      28 |       5 |  15.2
        D:7 |    1742 |       0 |   0.0 |      29 |       0 |   0.0
        D:8 |    2785 |       0 |   0.0 |      30 |       0 |   0.0
        D:9 |    1061 |     383 |  26.5 |      27 |       1 |   3.6
       D:10 |     663 |       0 |   0.0 |      10 |       0 |   0.0
            +---------+---------+-------+---------+---------+-------
